TOP OF THE 1ST |
Ogden Raptors batting - Pitching for Missoula Osprey : LHP Travis Osorio
|
Pitching: LHP Travis Osorio
|
|
Batting: RHB Pat Adams
|
0-0: Ball 1-0: Ball 2-0: Ball 3-0: Base on Balls
|
Batting: RHB David Watkins
|
0-0: Ball Pat Adams steals 2nd base 1-0: Ball 2-0: Ball 3-0: Base on Balls
|
Batting: LHB Stephen Van Raalte
|
0-0: Ball 1-0: Ball 2-0: Ball 3-0: Base on Balls Pat Adams to third David Watkins to second
|
Batting: RHB Mike Plugge
|
0-0: Ball 1-0: Swinging Strike 1-1: Fly out, F7 (Flyball, 7S, EV 89.4 MPH)
|
Batting: LHB Chris Buchan
|
0-0: Ball 1-0: Fly out, F7 (Flyball, 7, EV 82.5 MPH)
|
Batting: RHB Mike Kaczor
|
0-0: Ball 1-0: Ball 2-0: Called Strike 2-1: Ball Balk! Pat Adams scores David Watkins to third Stephen Van Raalte to second 3-1: Ground out 4-3 (Groundball, 34, EV 99.4 MPH)
|
Top of the 1st over - 1 run, 0 hits, 0 errors, 2 left on base; Ogden 1 - Missoula 0 |
BOTTOM OF THE 1ST |
Missoula Osprey batting - Pitching for Ogden Raptors : RHP Ramon Luna
|
Pitching: RHP Ramon Luna
|
|
Batting: SHB Roger Holmes
|
0-0: Ball 1-0: SOLO HOME RUN (Flyball, 9D, EV 95.0 MPH), Distance : 361 ft
|
Batting: RHB Antonio Luisa
|
0-0: Ball 1-0: SINGLE (Line Drive, 8LS, EV 96.2 MPH)
|
Batting: SHB Evan Armagost
|
0-0: Ball 1-0: Foul Ball, location: 2F 1-1: Ball 2-1: Ball 3-1: Foul Ball, location: 2F 3-2: Foul Ball, location: 2F 3-2: Base on Balls Antonio Luisa to second
|
Batting: RHB Paul Schreiber
|
0-0: Ball 1-0: Grounds into double play, 6-4-3 (Groundball, 6, EV 81.2 MPH) Antonio Luisa to third
|
Batting: LHB Enrique Ponce
|
0-0: Ball 1-0: Ball 2-0: DOUBLE (Line Drive, 78M, EV 93.1 MPH) Antonio Luisa scores
|
Batting: LHB Omar Marquez
|
0-0: Ball 1-0: Ball 2-0: Ball 3-0: Foul Ball, location: 2F 3-1: Swinging Strike 3-2: Base on Balls
|
Batting: SHB Lee Dillon
|
0-0: Ball 1-0: SINGLE (Groundball, 34D, EV 96.2 MPH) Enrique Ponce to third Omar Marquez to second Runner from 3rd tries for Home, SAFE, throw by RF to home
|
Batting: SHB Nate Neumann
|
0-0: Ball 1-0: SINGLE (Line Drive, 56, EV 95.0 MPH) Omar Marquez to third Lee Dillon to second Runner from 3rd tries for Home, SAFE, throw by LF to home
|
Batting: RHB Zach Espinosa
|
0-0: Ball 1-0: Foul Ball, location: 2F 1-1: Called Strike 1-2: Strikes out swinging
|
Bottom of the 1st over - 4 runs, 5 hits, 0 errors, 2 left on base; Ogden 1 - Missoula 4 |
TOP OF THE 2ND |
Ogden Raptors batting - Pitching for Missoula Osprey : LHP Travis Osorio
|
Batting: LHB Mesfin Azagba
|
0-0: Ball 1-0: Ground out 6-3 (Groundball, 6, EV 89.4 MPH)
|
Batting: LHB Jordan Amaker
|
0-0: Ground out 6-3 (Groundball, P, EV 91.9 MPH)
|
Batting: LHB Gary Salazar
|
0-0: Ball 1-0: DOUBLE (Line Drive, 78D, EV 110.0 MPH)
|
Batting: RHB Pat Adams
|
0-0: Swinging Strike 0-1: 2-RUN HOME RUN (Flyball, 78XD, EV 98.1 MPH), Distance : 396 ft
|
Batting: RHB David Watkins
|
0-0: Ball 1-0: Ground out 5-3 (Groundball, 56S, EV 88.1 MPH)
|
Top of the 2nd over - 2 runs, 2 hits, 0 errors, 0 left on base; Ogden 3 - Missoula 4 |
BOTTOM OF THE 2ND |
Missoula Osprey batting - Pitching for Ogden Raptors : RHP Ramon Luna
|
Batting: SHB Roger Holmes
|
0-0: SINGLE (Groundball, 25, EV 65.6 MPH) (infield hit)
|
Batting: RHB Antonio Luisa
|
0-0: Called Strike Roger Holmes steals 2nd base 0-1: Ball 1-1: Foul Ball, location: 2F 1-2: Fly out, F9 (Flyball, 9, EV 90.6 MPH)
|
Batting: SHB Evan Armagost
|
0-0: Ball Roger Holmes steals 3rd base 1-0: Ball 2-0: Ball 3-0: Base on Balls
|
Batting: RHB Paul Schreiber
|
0-0: Ball 1-0: DOUBLE (Flyball, 7LD, EV 109.4 MPH) Roger Holmes scores Evan Armagost to third
|
Batting: LHB Enrique Ponce
|
0-0: Swinging Strike 0-1: Ball 1-1: Ball 2-1: Ball 3-1: Base on Balls
|
Pitching: RHP Chris Hodge
|
|
Batting: LHB Omar Marquez
|
0-0: Foul Ball, location: 2F 0-1: Ball 1-1: Foul Ball, location: 2F 1-2: Foul Ball, location: 2F 1-2: Fielders Choice at 2nd, 3-6 (Groundball, 34, EV 91.9 MPH) Evan Armagost scores Paul Schreiber to third
|
Batting: SHB Lee Dillon
|
0-0: Ball 1-0: Foul Ball, location: 2F 1-1: Ball 2-1: Ball Omar Marquez steals 2nd base 3-1: Foul Ball, location: 2F 3-2: SINGLE (Groundball, 6MD, EV 95.6 MPH) Paul Schreiber scores Omar Marquez to third Runner from 3rd tries for Home, SAFE, throw by CF to home Lee Dillon to second
|
Batting: SHB Nate Neumann
|
0-0: Foul Ball, location: 2F 0-1: SINGLE (Groundball, 56D, EV 100.0 MPH) Lee Dillon to third Runner from 3rd tries for Home, SAFE, throw by LF to home
|
Batting: RHB Zach Espinosa
|
0-0: Ball 1-0: Foul Ball, location: 2F 1-1: Called Strike 1-2: Strikes out swinging
|
Bottom of the 2nd over - 5 runs, 4 hits, 0 errors, 1 left on base; Ogden 3 - Missoula 9 |
TOP OF THE 3RD |
Ogden Raptors batting - Pitching for Missoula Osprey : LHP Travis Osorio
|
Batting: LHB Stephen Van Raalte
|
0-0: Foul Ball, location: 2F 0-1: Ball 1-1: Ball 2-1: Called Strike 2-2: Ball 3-2: Base on Balls
|
Batting: RHB Mike Plugge
|
0-0: Ball 1-0: Ball 2-0: Called Strike 2-1: Called Strike 2-2: Ball 3-2: Grounds into double play, 1-6-3 (Groundball, 34S, EV 64.4 MPH)
|
Batting: LHB Chris Buchan
|
0-0: SINGLE (Line Drive, 6D, EV 95.6 MPH)
|
Batting: RHB Mike Kaczor
|
0-0: Foul Ball, location: 2F 0-1: Ground out 6-3 (Groundball, 6D, EV 97.5 MPH)
|
Top of the 3rd over - 0 runs, 1 hit, 0 errors, 1 left on base; Ogden 3 - Missoula 9 |
BOTTOM OF THE 3RD |
Missoula Osprey batting - Pitching for Ogden Raptors : RHP Chris Hodge
|
Batting: SHB Roger Holmes
|
0-0: Foul Ball, location: 2F 0-1: Ball 1-1: Ball 2-1: Swinging Strike 2-2: Strikes out swinging
|
Batting: RHB Antonio Luisa
|
0-0: Foul Ball, location: 2F 0-1: Fly out, F7 (Line Drive, 7D, EV 93.1 MPH)
|
Batting: SHB Evan Armagost
|
0-0: Ball 1-0: Fly out, F8 (Line Drive, 8LD, EV 95.0 MPH)
|
Bottom of the 3rd over - 0 runs, 0 hits, 0 errors, 0 left on base; Ogden 3 - Missoula 9 |
TOP OF THE 4TH |
Ogden Raptors batting - Pitching for Missoula Osprey : LHP Travis Osorio
|
Batting: LHB Mesfin Azagba
|
0-0: Swinging Strike 0-1: SINGLE (Groundball, 6MS, EV 75.0 MPH) (infield hit)
|
Batting: LHB Jordan Amaker
|
0-0: Fielders Choice at 2nd, 5-4 (Groundball, 56, EV 89.4 MPH)
|
Batting: LHB Gary Salazar
|
0-0: 2-RUN HOME RUN (Flyball, 9D, EV 94.4 MPH), Distance : 338 ft
|
Batting: RHB Pat Adams
|
0-0: Ball 1-0: Ball 2-0: Called Strike 2-1: Swinging Strike 2-2: Ball 3-2: Base on Balls
|
Batting: RHB David Watkins
|
0-0: Called Strike 0-1: Ball 1-1: Swinging Strike 1-2: Foul Ball, location: 2F 1-2: Fly out, F4 (Flyball, 34D, EV 82.5 MPH)
|
Batting: LHB Stephen Van Raalte
|
0-0: Foul Ball, location: 2F 0-1: Ball 1-1: Foul Ball, location: 2F 1-2: Foul Ball, location: 2F 1-2: Foul Ball, location: 2F 1-2: SINGLE (Groundball, 34D, EV 105.0 MPH) Pat Adams to second Runner from 2nd tries for 3rd, OUT! 9-5
|
Top of the 4th over - 2 runs, 3 hits, 0 errors, 1 left on base; Ogden 5 - Missoula 9 |
BOTTOM OF THE 4TH |
Missoula Osprey batting - Pitching for Ogden Raptors : RHP Chris Hodge
|
Batting: RHB Paul Schreiber
|
0-0: Called Strike 0-1: Foul Ball, location: 2F 0-2: Strikes out swinging
|
Batting: LHB Enrique Ponce
|
0-0: Ball 1-0: Ball 2-0: Ball 3-0: Base on Balls
|
Batting: LHB Omar Marquez
|
0-0: Ball 1-0: Called Strike 1-1: Ball 2-1: Ball 3-1: Swinging Strike 3-2: Base on Balls Enrique Ponce to second
|
Batting: SHB Lee Dillon
|
0-0: Fielders Choice at 2nd, 1-6 (Groundball, 13S, EV 72.5 MPH) Enrique Ponce to third
|
Batting: SHB Nate Neumann
|
0-0: Called Strike 0-1: Ball 1-1: SINGLE (Groundball, 34D, EV 103.1 MPH) Enrique Ponce scores Lee Dillon to second Runner from 2nd tries for 3rd, SAFE, throw by RF made to third Nate Neumann to second
|
Batting: RHB Zach Espinosa
|
0-0: Ball 1-0: SINGLE (Flyball, 56D, EV 91.9 MPH) Lee Dillon scores Nate Neumann to third Runner from 3rd tries for Home, SAFE, throw by LF to home
|
Batting: SHB Roger Holmes
|
0-0: Called Strike 0-1: Called Strike 0-2: Ball Wild Pitch! Zach Espinosa to second 1-2: Ball 2-2: Foul Ball, location: 2F 2-2: Ball 3-2: Foul Ball, location: 2F 3-2: SINGLE (Groundball, 3D, EV 101.9 MPH) Zach Espinosa to third Runner from 3rd tries for Home, SAFE, throw by RF to home Roger Holmes to second
|
Batting: RHB Antonio Luisa
|
0-0: Swinging Strike 0-1: Ground out 3-1 (Groundball, 34, EV 103.8 MPH)
|
Bottom of the 4th over - 4 runs, 3 hits, 0 errors, 1 left on base; Ogden 5 - Missoula 13 |
TOP OF THE 5TH |
Ogden Raptors batting - Pitching for Missoula Osprey : LHP Travis Osorio
|
Batting: RHB Mike Plugge
|
0-0: Ball 1-0: Ball 2-0: Ball 3-0: Called Strike 3-1: Foul Ball, location: 2F 3-2: Base on Balls
|
Batting: LHB Chris Buchan
|
0-0: Called Strike 0-1: Foul Ball, location: 2F 0-2: Strikes out swinging
|
Batting: RHB Mike Kaczor
|
0-0: Foul Ball, location: 2F 0-1: Ball 1-1: SINGLE (Line Drive, 7S, EV 98.1 MPH) Mike Plugge to second
|
Batting: LHB Mesfin Azagba
|
0-0: Fly out, F7 (Line Drive, 7, EV 94.4 MPH)
|
Batting: LHB Jordan Amaker
|
0-0: Ground out U3 (Groundball, 34S, EV 82.5 MPH)
|
Top of the 5th over - 0 runs, 1 hit, 0 errors, 2 left on base; Ogden 5 - Missoula 13 |
BOTTOM OF THE 5TH |
Missoula Osprey batting - Pitching for Ogden Raptors : RHP Chris Hodge
|
Batting: SHB Evan Armagost
|
0-0: Ball 1-0: Called Strike 1-1: Foul Ball, location: 2F 1-2: Foul Ball, location: 2F 1-2: Foul Ball, location: 2F 1-2: Ball 2-2: Foul Ball, location: 2F 2-2: DOUBLE (Flyball, 8LXD, EV 98.8 MPH)
|
Batting: RHB Paul Schreiber
|
0-0: Ground out 6-3 (Groundball, 6S, EV 84.4 MPH)
|
Batting: LHB Enrique Ponce
|
0-0: Called Strike 0-1: Called Strike 0-2: Ball 1-2: Foul Ball, location: 2F 1-2: 2-RUN HOME RUN (Flyball, 9D, EV 92.5 MPH), Distance : 354 ft
|
Pitching: RHP Djoka Subasic
|
|
Batting: LHB Omar Marquez
|
0-0: Ball 1-0: Fly out, F8 (Flyball, 78XD, EV 105.6 MPH)
|
Batting: SHB Lee Dillon
|
0-0: Ball 1-0: Ball 2-0: Ball 3-0: Foul Ball, location: 2F 3-1: Base on Balls
|
Batting: SHB Nate Neumann
|
0-0: Ball 1-0: Called Strike 1-1: Fly out, F8 (Flyball, 8LD, EV 100.0 MPH)
|
Bottom of the 5th over - 2 runs, 2 hits, 0 errors, 1 left on base; Ogden 5 - Missoula 15 |
TOP OF THE 6TH |
Ogden Raptors batting - Pitching for Missoula Osprey : LHP Travis Osorio
|
Batting: LHB Gary Salazar
|
0-0: Foul Ball, location: 2F 0-1: Ball 1-1: Ball 2-1: Foul Ball, location: 2F 2-2: Ball 3-2: Base on Balls
|
Batting: RHB Pat Adams
|
Pickoff Throw to First - Out! 1-3 0-0: Ball 1-0: Ball 2-0: Swinging Strike 2-1: Ball 3-1: Base on Balls
|
Batting: RHB David Watkins
|
0-0: Fly out, F2 (Popup, 2LF, EV 88.1 MPH)
|
Batting: LHB Stephen Van Raalte
|
0-0: Ball 1-0: Foul Ball, location: 2F 1-1: Swinging Strike 1-2: Ball Pat Adams steals 2nd base (no throw) 2-2: Ball 3-2: Foul Ball, location: 2F 3-2: SINGLE (Groundball, 4MD, EV 98.1 MPH) Pat Adams to third Runner from 3rd tries for Home, SAFE, throw by CF to home Stephen Van Raalte to second
|
Pitching: RHP Jaylen Hatten
|
|
Batting: RHB Mike Plugge
|
0-0: Called Strike 0-1: Ball 1-1: SINGLE (Groundball, 56D, EV 109.4 MPH) Stephen Van Raalte to third Runner from 3rd tries for Home, SAFE, throw by LF to home Mike Plugge to second
|
Batting: LHB Chris Buchan
|
0-0: Ball 1-0: Ball 2-0: Ball 3-0: Called Strike 3-1: Foul Ball, location: 2F 3-2: Base on Balls
|
Batting: RHB Mike Kaczor
|
0-0: Ball 1-0: Called Strike 1-1: Ball 2-1: Called Strike 2-2: Strikes out looking
|
Top of the 6th over - 2 runs, 2 hits, 0 errors, 2 left on base; Ogden 7 - Missoula 15 |
BOTTOM OF THE 6TH |
Missoula Osprey batting - Pitching for Ogden Raptors : RHP Djoka Subasic
|
Batting: RHB Zach Espinosa
|
0-0: Called Strike 0-1: SINGLE (Groundball, 6D, EV 93.8 MPH)
|
Batting: SHB Roger Holmes
|
0-0: Ball 1-0: SINGLE (Groundball, 34D, EV 105.6 MPH) Zach Espinosa to second
|
Batting: RHB Antonio Luisa
|
0-0: Foul Ball, location: 2F 0-1: Swinging Strike 0-2: Ball 1-2: Ball 2-2: Ball 3-2: Foul Ball, location: 2F 3-2: Strikes out swinging
|
Pitching: RHP Alfredo Sanchez
|
|
Batting: SHB Evan Armagost
|
0-0: Called Strike 0-1: Swinging Strike 0-2: Ball 1-2: DOUBLE (Line Drive, 78D, EV 107.5 MPH) Zach Espinosa scores Roger Holmes to third
|
Batting: RHB Paul Schreiber
|
0-0: Ball 1-0: Called Strike 1-1: Ball 2-1: Called Strike 2-2: Ground out 6-3 (Groundball, 6, EV 85.0 MPH) Roger Holmes scores
|
Batting: LHB Enrique Ponce
|
0-0: Foul Ball, location: 2F 0-1: Ball 1-1: Ball 2-1: Ball 3-1: Foul Ball, location: 2F 3-2: Foul Ball, location: 2F 3-2: Base on Balls
|
Batting: LHB Omar Marquez
|
0-0: TRIPLE (Line Drive, 8LXD, EV 108.8 MPH) Evan Armagost scores Enrique Ponce scores
|
Batting: SHB Lee Dillon
|
0-0: Ground out 6-3 (Groundball, P, EV 92.5 MPH)
|
Bottom of the 6th over - 4 runs, 4 hits, 0 errors, 1 left on base; Ogden 7 - Missoula 19 |
TOP OF THE 7TH |
Ogden Raptors batting - Pitching for Missoula Osprey : RHP Jaylen Hatten
|
Batting: LHB Mesfin Azagba
|
0-0: Foul Ball, location: 2F 0-1: Foul Ball, location: 2F 0-2: Strikes out swinging
|
Batting: LHB Jordan Amaker
|
0-0: Ball 1-0: Foul Ball, location: 2F 1-1: Ball 2-1: Foul Ball, location: 2F 2-2: Ball 3-2: Ground out 6-3 (Groundball, 6, EV 83.8 MPH)
|
Batting: LHB Gary Salazar
|
0-0: Called Strike 0-1: Ball 1-1: Foul Ball, location: 2F 1-2: Strikes out swinging
|
Top of the 7th over - 0 runs, 0 hits, 0 errors, 0 left on base; Ogden 7 - Missoula 19 |
BOTTOM OF THE 7TH |
Missoula Osprey batting - Pitching for Ogden Raptors : RHP Alfredo Sanchez
|
Pitching: RHP Jeff Lewis
|
|
Batting: SHB Nate Neumann
|
0-0: Called Strike 0-1: Swinging Strike 0-2: Ball 1-2: Ball 2-2: Foul Ball, location: 2F 2-2: Strikes out swinging
|
Batting: RHB Zach Espinosa
|
0-0: Ball 1-0: Ball 2-0: Swinging Strike 2-1: SINGLE (Groundball, 3D, EV 96.9 MPH)
|
Batting: SHB Roger Holmes
|
0-0: Ball 1-0: Ball 2-0: Ball 3-0: Called Strike 3-1: Hit by Pitch Zach Espinosa to second
|
Batting: RHB Antonio Luisa
|
0-0: SINGLE (Groundball, 56D, EV 99.4 MPH) Zach Espinosa to third Roger Holmes to second Runner from 3rd tries for Home, SAFE, throw by LF to home
|
Batting: SHB Evan Armagost
|
0-0: Foul Ball, location: 2F 0-1: Ball 1-1: Ball 2-1: Fly out, F7 (Flyball, 78M, EV 91.2 MPH)
|
Pitching: RHP Victor Delgado
|
|
Batting: RHB Paul Schreiber
|
0-0: Ball 1-0: Ball 2-0: Called Strike 2-1: Foul Ball, location: 2F 2-2: Ball 3-2: Base on Balls Roger Holmes to third Antonio Luisa to second
|
Batting: LHB Enrique Ponce
|
0-0: Called Strike 0-1: Foul Ball, location: 2F 0-2: Foul Ball, location: 2F 0-2: Strikes out swinging
|
Bottom of the 7th over - 1 run, 2 hits, 0 errors, 3 left on base; Ogden 7 - Missoula 20 |
TOP OF THE 8TH |
Ogden Raptors batting - Pitching for Missoula Osprey : RHP Jaylen Hatten
|
Batting: RHB Pat Adams
|
0-0: Ball 1-0: Fly out, F4 (Line Drive, 4, EV 66.9 MPH)
|
Batting: RHB David Watkins
|
0-0: Swinging Strike 0-1: Swinging Strike 0-2: Strikes out swinging
|
Batting: LHB Stephen Van Raalte
|
0-0: Ball 1-0: Ball 2-0: Ball 3-0: Base on Balls
|
Batting: RHB Mike Plugge
|
0-0: Ball 1-0: Fly out, F3 (Flyball, 3D, EV 76.9 MPH)
|
Top of the 8th over - 0 runs, 0 hits, 0 errors, 1 left on base; Ogden 7 - Missoula 20 |
BOTTOM OF THE 8TH |
Missoula Osprey batting - Pitching for Ogden Raptors : RHP Victor Delgado
|
Batting: LHB Omar Marquez
|
0-0: Called Strike 0-1: Called Strike 0-2: Strikes out looking
|
Batting: SHB Lee Dillon
|
0-0: Swinging Strike 0-1: Swinging Strike 0-2: Foul Ball, location: 2F 0-2: Ball 1-2: Ball 2-2: Strikes out swinging
|
Pitching: RHP John Hanson
|
|
Batting: SHB Nate Neumann
|
0-0: Called Strike 0-1: Ball 1-1: Foul Ball, location: 2F 1-2: Ground out 4-3 (Groundball, 4M, EV 104.4 MPH)
|
Bottom of the 8th over - 0 runs, 0 hits, 0 errors, 0 left on base; Ogden 7 - Missoula 20 |
TOP OF THE 9TH |
Ogden Raptors batting - Pitching for Missoula Osprey : RHP Jaylen Hatten
|
Batting: LHB Chris Buchan
|
0-0: Ball 1-0: Called Strike 1-1: Called Strike 1-2: Fly out, F6 (Line Drive, 6, EV 68.8 MPH)
|
Pinch Hitting: RHB Will Barksdale
|
0-0: Called Strike 0-1: Called Strike 0-2: SINGLE (Line Drive, 8LS, EV 102.5 MPH)
|
Pitching: LHP Jeff Haight
|
|
Batting: LHB Mesfin Azagba
|
0-0: Foul Ball, location: 2F 0-1: Ball Wild Pitch! Will Barksdale to second 1-1: Swinging Strike 1-2: Strikes out swinging
|
Pinch Hitting: LHB Kevin Fleming
|
0-0: Foul Ball, location: 2F 0-1: Foul Ball, location: 2F 0-2: Strikes out swinging
|
Top of the 9th over - 0 runs, 1 hit, 0 errors, 1 left on base; Ogden 7 - Missoula 20 |
|